 Dungeon Crawl Stone Soup version 0.26.1-10-gdfb7c7de75 (webtiles) character file.

Game seed: 3568457375512682030

270657 diana the Slayer (level 19, -18/170 (174) HPs)
             Began as a Demonspawn Gladiator on Apr 3, 2021.
             Was the Champion of Okawaru.
             Killed from afar by a deep elf knight (29 damage)
             ... with a stone arrow
             ... on level 3 of the Elven Halls.
             The game lasted 01:41:33 (41203 turns).

diana the Slayer (Demonspawn Gladiator)            Turns: 41203, Time: 01:41:35

HP:   -18/170 (174) AC: 34    Str: 21      XL:     19   Next: 81%
MP:   25/25         EV: 13    Int: 13      God:    Okawaru [******]
Gold: 1246          SH:  6    Dex: 19 (20) Spells: 18/18 levels left

rFire    + . .     SeeInvis +   B - +9 double sword (elec)
rCold    + . .     Faith    .   c - +0 buckler of the Lost Bones {+Fly rElec rF+ Dex+4}
rNeg     . . .     Spirit   .   u - +10 plate armour of Paranoia {+Inv}
rPois    .         Reflect  .   (helmet restricted)
rElec    +         Harm     .   f - +0 cloak {rCorr}
rCorr    +         Rampage  .   n - +1 pair of gloves {archery}
Will     +....     Rnd*Tele +   U - +0 pair of boots {Stlth+}
Stlth    ..........             l - amulet of regeneration
HPRegen  0.78/turn              i - ring of see invisible
MPRegen  0.19/turn              z - ring "Buut" {Int+3 Slay+4}

@: lightly drained
A: horns 2, cold resistance 1, spiny 3, [teleportitis 2], freezing cloud
immunity, sharp scales 2
}: 1/15 runes: serpentine
a: Renounce Religion, Evoke Invisibility, Evoke Flight, Heroism, Finesse


You were on level 3 of the Elven Halls.
You worshipped Okawaru.
Okawaru was exalted by your worship.
You visited 5 branches of the dungeon, and saw 30 of its levels.
You visited the Abyss 2 times.
You also visited: Bailey, Gauntlet and Ice Cave.

You collected 4103 gold pieces.
You spent 2857 gold pieces at shops.

Inventory:

Hand Weapons
 B - a +9 double sword of electrocution (weapon)
Missiles
 d - 8 throwing nets
 o - 79 boomerangs
 r - 22 javelins
 K - 21 silver boomerangs (quivered)
 L - 39 silver javelins
 Y - 4 boomerangs of dispersal
Armour
 c - the +0 buckler of the Lost Bones (worn) {+Fly rElec rF+ Dex+4}
   (Okawaru gifted it to you on level 5 of the Lair of Beasts)

   It affects your dexterity (+4).
   It protects you from fire.
   It insulates you from electricity.
   It lets you fly.
 f - a +0 cloak of preservation (worn)
 n - a +1 pair of gloves of archery (worn)
 u - the +10 plate armour of Paranoia (worn) {+Inv}
   (You found it in a Gauntlet)

   It lets you turn invisible.
 U - a +0 pair of boots of stealth (worn)
Jewellery
 i - a ring of see invisible (left hand)
 l - an amulet of regeneration (around neck)
 z - the ring "Buut" (right hand) {Int+3 Slay+4}
   (You found it in a Gauntlet)

   [ring of slaying]

   It affects your intelligence (+3).
   It affects your accuracy and damage with ranged weapons and melee attacks
   (+4).
Wands
 g - a wand of flame (22)
 m - a wand of iceblast (9)
 H - a wand of acid (30)
Scrolls
 b - a scroll of holy word
 h - a scroll of silence
 j - 9 scrolls of remove curse
 p - 3 scrolls of identify
 q - 8 scrolls of teleportation
 w - 3 scrolls of enchant armour
 x - 2 scrolls of vulnerability
 y - 7 scrolls of fog
 A - 5 scrolls of amnesia
 C - 8 scrolls of magic mapping
 D - 2 scrolls of summoning
 F - 2 scrolls of immolation
 M - 3 scrolls of fear
 Q - 6 scrolls of blinking
 S - 2 scrolls of acquirement
 X - 4 scrolls of torment
Potions
 a - 2 potions of mutation
 e - 5 potions of flight
 k - 8 potions of haste
 s - 4 potions of cancellation
 t - 4 potions of ambrosia
 E - 3 potions of resistance
 G - 2 potions of brilliance
 J - 2 potions of magic
 N - 10 potions of might
 O - 3 potions of berserk rage
 P - 3 potions of curing
 R - 2 potions of heal wounds
 V - 4 potions of invisibility
 Z - 5 potions of lignification
Miscellaneous
 T - a lightning rod (4/4)


   Skills:
 - Level 22.0 Fighting
 - Level 16.0 Long Blades
 - Level 10.0 Throwing
 + Level 13.6 Armour
 - Level 10.0 Dodging
 - Level 4.0 Shields
 - Level 8.0 Invocations


You had 18 spell levels left.
You didn't know any spells.
Your spell library contained the following spells:

 Spells                   Type           Power        Failure   Level
 Corona                   Hex            0%           98%         1
 Foxfire                  Conj/Fire      0%           98%         1
 Freeze                   Ice            0%           98%         1
 Sting                    Tmut/Pois      0%           98%         1
 Summon Small Mammal      Summ           0%           98%         1
 Ensorcelled Hibernation  Hex/Ice        0%           99%         2
 Poisonous Vapours        Pois/Air       0%           99%         2
 Slow                     Hex            0%           99%         2
 Confusing Touch          Hex            0%           100%        3
 Conjure Flame            Conj/Fire      0%           100%        3
 Dazzling Flash           Conj/Hex       0%           100%        3
 Frozen Ramparts          Ice            0%           100%        3
 Gell's Gravitas          Tloc           0%           100%        3
 Ignite Poison            Fire/Tmut/Pois 0%           100%        3
 Inner Flame              Hex/Fire       0%           100%        3
 Mephitic Cloud           Conj/Pois/Air  0%           100%        3
 Ozocubu's Armour         Ice            0%           100%        3
 Portal Projectile        Hex/Tloc       0%           100%        3
 Tukima's Dance           Hex            0%           100%        3
 Animate Dead             Necr           0%           100%        4
 Cause Fear               Hex            0%           100%        4
 Hailstorm                Conj/Ice       0%           100%        4
 Leda's Liquefaction      Hex/Erth       0%           100%        4
 Olgreb's Toxic Radiance  Pois           0%           100%        4
 Petrify                  Tmut/Erth      0%           100%        4
 Sticky Flame             Conj/Fire      0%           100%        4
 Summon Ice Beast         Ice/Summ       0%           100%        4
 Bolt of Magma            Conj/Fire/Erth 0%           100%        5
 Borgnjor's Vile Clutch   Necr/Erth      0%           100%        5
 Fireball                 Conj/Fire      0%           100%        5
 Metabolic Englaciation   Hex/Ice        0%           100%        5
 Summon Forest            Summ/Tloc      0%           100%        5
 Summon Mana Viper        Hex/Summ       0%           100%        5
 Yara's Violent Unravell  Hex/Tmut       0%           100%        5
 Death Channel            Necr           0%           100%        6
 Shadow Creatures         Summ           N/A          100%        6
 Simulacrum               Ice/Necr       0%           100%        6
 Statue Form              Tmut/Erth      0%           100%        6


Dungeon Overview and Level Annotations

Branches:
Dungeon (15/15)            Temple (0/1) D:6            Lair (6/6) D:11
  Swamp (0/4) Lair:2        Snake (4/4) Lair:2        Slime (0/5) Lair:5
    Orc (2/2) D:9             Elf (3/3) Orc:2        Vaults (0/5) D:13
 Depths (0/5) D:15         Bailey (visited)           IceCv (visited)
Gauntlet (visited)

Altars:
Ashenzari
Cheibriados
Dithmenos
Fedhas
Gozag
Hepliaklqana
Kikubaaqudgha
Nemelex Xobeh
Okawaru
Qazlal
Sif Muna
Uskayaw
Vehumet
Wu Jian
Xom
Yredelemnul
Zin
The Shining One
Beogh

Shops:
D:4 [   D:6 (   D:10 [!!   D:12 [   D:13 ([!?   D:14 :   D:15 ?   Orc:2 !}?(
Snake:1 ?:=   Snake:2 :   Snake:3 *}   Snake:4 *

Annotations:
D:14 2 transporters, Ficoysum's ghost, journeyman GnWn
Lair:3 exclusion: 3 oklob plants
Lair:5 exclusion: oklob plant


Innate Abilities, Weirdness & Mutations

You have a pair of horns on your head.
Your flesh is cold resistant. (rC+)
You are completely covered in sharp spines.
You are immune to freezing clouds.
You are mostly covered in razor-sharp scales. (AC +2, Slay +2)
[You are sometimes teleported next to monsters.]


Message History

The Hell Sentinel hits you but does no damage.
Your surroundings suddenly seem different.
The deep elf high priest is no longer giving off an aura.
The deep elf elementalist is struck by your spines.
The deep elf elementalist hits you but does no damage.
A deep elf knight comes into view.
You block the crimson imp's attack.
The Ice Fiend calls on the powers of darkness!
The deep elf archer convulses! x2; The deep elf knight convulses!
The deep elf demonologist convulses!
The deep elf annihilator convulses!
The deep elf high priest convulses!
Your body is wracked with pain!
* * * LOW HITPOINT WARNING * * *
The deep elf master archer convulses!
The deep elf demonologist convulses!
The deep elf elementalist convulses!
The deep elf annihilator mumbles some strange words.
The deep elf annihilator blinks!
The deep elf elementalist closely misses you.
The deep elf knight casts a spell at you.
The stone arrow hits you!!
You die...

...........()....................
................................#
.............e..................#
.............(..................#
.............)..................+
.......e....((x..e..............#
#############1###############...#
#...ee3e5.### #(..#
#...24e1e4@...# #...#
.......eee.......# #...#
....####1#..#.....# #...# ..#
#...##.##...? #)).# # ....e. ##
#.. #...# .. .... . #.(.# .
...... #.))# .... #..<# #(.)#


You could see a Hell Sentinel (summoned), a Tzitzimitl (summoned), an Ice Fiend
(summoned), a deep elf master archer, a deep elf annihilator (empowered), a deep
elf elementalist (fast, empowered, repels missiles), 2 deep elf demonologists, 2
deep elf archers, a deep elf knight (empowered), a deep elf high priest, 2 ice
devils, a tormentor (summoned), a neqoxec (summoned) and a crimson imp
(summoned).

Vanquished Creatures
  Vashnia (Snake:3)
  Rupert (D:14)
  4 deep elf blademasters
  A deep elf master archer (Elf:3)
  3 tentacled starspawn (Abyss:2)
  A shadow dragon (Elf:1)
  Roxanne (Snake:3)
  A storm dragon (Elf:1)
  16 nagarajas
  Donald (Snake:1)
  A frost giant (IceCv)
  2 deep elf sorcerers
  A cacodemon (Abyss:2)
  A deep elf elementalist (Elf:3)
  2 orc warlords
  3 deep elf demonologists (Elf:1)
  2 deep elf annihilators
  A dire elephant (D:15)
  A minotaur (Gauntlet)
  Snorg (Lair:5)
  3 deep elf death magi (Elf:3)
  2 fire dragons
  A deep elf high priest (Elf:3)
  Harold (D:7)
  Erolcha (D:9)
  An ice dragon (Elf:1)
  4 boulder beetles
  23 naga warriors
  3 catoblepae
  4 vault guards (D:13)
  8 hydras
  7 anacondas
  2 ogre magi (D:15)
  13 two-headed ogres
  A queen ant (Gauntlet)
  3 centaur warriors
  2 tengu warriors (D:14)
  A death scarab (Gauntlet)
  4 death yaks
  5 orc high priests (Orc:2)
  24 dancing weapons
  25 naga sharpshooters
  9 shock serpents
  7 slime creatures
  23 deep elf knights
  4 wretched stars (Abyss:2)
  A fire crab (D:15)
  A spatial maelstrom (Abyss:2)
  3 skeletal warriors (D:14)
  3 salamander mystics
  8 naga ritualists
  3 bog bodies (Lair:2)
  A swamp dragon (Lair:6)
  7 large abominations (Abyss:2)
  A glowing orange brain (Gauntlet)
  11 orc knights
  An orb spider (Abyss:2)
  13 deep elf archers
  8 mana vipers
  65 deep elf magi
  A wolf spider (D:15)
  2 worldbinders (Abyss:2)
  12 ugly things
  A faun (shapeshifter) (Elf:1)
  12 salamanders
  A cyclops (Orc:2)
  A will-o-the-wisp (Abyss:2)
  3 manticores
  20 naga magi
  29 black mambas
  An ice statue (IceCv)
  11 elephants
  A smoke demon (Abyss:2)
  9 guardian serpents
  2 orange demons (Abyss:2)
  3 gargoyles
  A torpor snail (Lair:6)
  12 cane toads
  8 komodo dragons
  A hellion (Abyss:2)
  6 rime drakes
  An ancient zyme (Abyss:2)
  5 trolls
  3 meliai (D:15)
  14 polar bears (IceCv)
  11 blink frogs
  A spectral dream sheep (Gauntlet)
  A hornet (Lair:2)
  2 dream sheep (Lair:6)
  13 raiju (Abyss:2)
  6 flying skulls (Abyss:2)
  A ynoxinul (Abyss:2)
  4 air elementals
  A water elemental (Elf:3)
  A shadow (D:14)
  Sigmund (D:4)
  4 wyverns
  2 fire bats (Abyss:2)
  49 yaks
  6 fire elementals
  5 basilisks
  A chaos spawn (Abyss:2)
  10 vampire mosquitoes
  2 spatial vortices (Abyss:2)
  A steam dragon (Lair:6)
  2 swamp worms (Lair:2)
  Edmund (D:5)
  4 wargs
  7 soldier ants
  58 nagas
  37 orc warriors
  3 acid dragons
  12 water moccasins
  5 black bears
  3 sky beasts
  3 swamp drakes (Lair:6)
  15 ice beasts
  A starcursed mass (Abyss:2)
  A phantom (D:12)
  A cane toad skeleton (Abyss:2)
  5 necrophages
  17 ogres
  An eye of draining (D:9)
  7 boggarts
  38 wolves
  11 centaurs
  26 bullfrogs
  3 gnoll sergeants
  3 small abominations (Abyss:2)
  2 earth elementals
  A wyvern zombie (D:7)
  5 scorpions
  16 killer bees
  9 wights (D:9)
  2 howler monkeys
  4 electric eels
  3 centaur zombies
  13 hounds
  A bullfrog zombie (D:7)
  4 jellies
  Crazy Yiuf (D:3)
  3 centaur skeletons
  2 quasits (Abyss:2)
  A gnoll shaman (D:6)
  30 orc priests
  3 bullfrog skeletons
  20 orc wizards
  7 iguanas
  Jessica (D:2)
  Terence (D:3)
  9 worker ants
  Natasha (thrice) (D:2)
  2 hound zombies
  2 mummies (D:8)
  4 hound skeletons
  A worker ant zombie (D:11)
  10 adders
  25 gnolls
  6 shadow imps
  2 white imps
  3 ufetubi
  4 oozes
  An adder zombie (D:9)
  An adder skeleton (D:6)
  4 worms
  2 dart slugs
  4 leopard geckos
  85 orcs
  3 giant cockroaches
  15 goblins
  10 hobgoblins
  10 jackals
  5 quokkas
  10 bats
  4 frilled lizards
  20 kobolds
  2 leopard gecko skeletons (D:5)
  A quokka zombie (D:6)
  5 rats
  A crawling corpse (Elf:3)
1281 creatures vanquished.

Vanquished Creatures (others)
  A deep elf demonologist (Elf:1)
  2 deep elf magi
  2 polar bears (IceCv)
  An air elemental (Elf:1)
  A yak (IceCv)
  A wolf (IceCv)
  2 orc priests (Elf:1)
  4 orcs (Elf:1)
  4 foxfires (Abyss:2)
  23 fungi
  78 plants
  4 starspawn tentacles (Abyss:2)
  3 withered plants (D:8)
126 creatures vanquished.

Grand Total: 1407 creatures vanquished

Notes
Turn   | Place    | Note
-------+----------+-------------------------------------------
     0 | D:1      | diana the Demonspawn Gladiator began the quest for the Orb.
     0 | D:1      | Reached XP level 1. HP: 16/16 MP: 1/1
   287 | D:1      | Gained mutation: You are partially covered in sharp spines.
                  | [demonic ancestry]
   287 | D:1      | Reached XP level 2. HP: 22/22 MP: 2/2
   938 | D:1      | Found a sparkling altar of Nemelex Xobeh.
   981 | D:2      | Found an iron altar of Okawaru.
  1016 | D:2      | Noticed Natasha
  1017 | D:2      | Noticed a crimson imp
  1049 | D:2      | Reached XP level 3. HP: 23/28 MP: 3/3
  1056 | D:2      | Killed Natasha
  1057 | D:2      | Reached skill level 3 in Fighting
  1107 | D:2      | Became a worshipper of Warmaster Okawaru
  1137 | D:2      | Found a blossoming altar of Fedhas.
  1138 | D:2      | Found an ancient bone altar of Kikubaaqudgha.
  1174 | D:2      | Found a stormy altar of Qazlal.
  1189 | D:2      | Noticed Jessica
  1194 | D:2      | Killed Jessica
  1195 | D:2      | Gained mutation: You have a pair of small horns on your
                  | head. [demonic ancestry]
  1195 | D:2      | Reached XP level 4. HP: 20/37 MP: 4/4
  1284 | D:2      | Noticed Natasha
  1289 | D:2      | Killed Natasha
  1326 | D:2      | Reached skill level 4 in Fighting
  1410 | D:2      | Noticed Natasha
  1418 | D:2      | Killed Natasha
  1419 | D:2      | Gained mutation: You are partially covered in razor-sharp
                  | scales. (AC +1, Slay +1) [demonic ancestry]
  1419 | D:2      | Reached XP level 5. HP: 35/42 MP: 5/5
  1586 | D:3      | Found a faded altar of an unknown god.
  1860 | D:3      | Found a radiant altar of Vehumet.
  1868 | D:3      | Reached skill level 5 in Fighting
  1881 | D:3      | Gained mutation: You have a pair of horns on your head.
                  | [demonic ancestry]
  1881 | D:3      | Reached XP level 6. HP: 19/51 MP: 6/6
  1960 | D:3      | Noticed Terence
  1981 | D:3      | Killed Terence
  2273 | D:3      | Found a runed translucent door.
  2274 | D:3      | Noticed Crazy Yiuf
  2490 | D:3      | Killed Crazy Yiuf
  2490 | D:3      | Reached * piety under Okawaru
  2735 | D:4      | Found Meatz's Antique Armour Boutique.
  2736 | D:4      | Noticed Sigmund
  2753 | D:4      | Killed Sigmund
  2754 | D:4      | Reached skill level 6 in Fighting
  2754 | D:4      | Reached XP level 7. HP: 53/58 MP: 7/7
  3010 | D:4      | Reached skill level 5 in Long Blades
  3269 | D:5      | Entered Level 5 of the Dungeon
  3302 | D:5      | Reached skill level 7 in Fighting
  3332 | D:5      | Reached ** piety under Okawaru
  3333 | D:5      | Found a shimmering altar of Xom.
  3377 | D:5      | Noticed Edmund
  3395 | D:5      | Killed Edmund
  3570 | D:5      | Gained mutation: You are mostly covered in sharp spines.
                  | [demonic ancestry]
  3570 | D:5      | Reached XP level 8. HP: 68/68 MP: 8/8
  3766 | D:5      | Found a broken altar of Ashenzari.
  3766 | D:5      | Found an opulent altar of Gozag.
  3841 | D:6      | Reached skill level 8 in Fighting
  3847 | D:6      | Found a hide-covered altar of Uskayaw.
  3957 | D:6      | Found a staircase to the Ecumenical Temple.
  4133 | D:6      | Reached skill level 9 in Fighting
  4410 | D:6      | Reached *** piety under Okawaru
  4447 | D:6      | Reached XP level 9. HP: 21/78 MP: 9/9
  4611 | D:6      | Found Katiyn's Antique Weapon Shoppe.
  4792 | D:6      | Reached skill level 10 in Fighting
  4794 | D:6      | Identified the +1 robe of the Elven Halls {Will+ Int+8
                  | Slay-3 Stlth+}
  5439 | D:7      | Reached **** piety under Okawaru
  5439 | D:7      | Received a gift from Okawaru
  5467 | D:7      | Noticed Harold
  5477 | D:7      | Killed Harold
  5478 | D:7      | Reached skill level 11 in Fighting
  5521 | D:7      | Reached skill level 1 in Invocations
  5890 | D:8      | Gained mutation: You are completely covered in sharp
                  | spines. [demonic ancestry]
  5890 | D:8      | Reached XP level 10. HP: 88/88 MP: 11/11
  6115 | D:8      | Found a snail-covered altar of Cheibriados.
  6272 | D:8      | Found a shadowy altar of Dithmenos.
  6273 | D:8      | Found a hazy altar of Hepliaklqana.
  6393 | D:8      | Found a sparkling altar of Nemelex Xobeh.
  6451 | D:8      | Found a basalt altar of Yredelemnul.
  6484 | D:8      | Found a glowing silver altar of Zin.
  6506 | D:8      | Found a glowing golden altar of the Shining One.
  6855 | D:8      | Noticed an angel
  6905 | D:9      | Noticed a two-headed ogre
  6913 | D:9      | Killed a two-headed ogre
  6913 | D:9      | Received a gift from Okawaru
  6913 | D:9      | Reached ***** piety under Okawaru
  6914 | D:9      | Reached skill level 12 in Fighting
  7163 | D:9      | Noticed Erolcha
  7196 | D:9      | Killed Erolcha
  7197 | D:9      | Reached skill level 5 in Invocations
  7224 | D:9      | Received a gift from Okawaru
  7378 | D:9      | Found a staircase to the Orcish Mines.
  7751 | D:9      | Reached skill level 13 in Fighting
  7751 | D:9      | Gained mutation: Your flesh is cold resistant. (rC+)
                  | [demonic ancestry]
  7751 | D:9      | Reached XP level 11. HP: 81/91 MP: 15/15
  7866 | D:9      | Found an ornate altar of the Wu Jian Council.
  8041 | D:10     | Entered Level 10 of the Dungeon
  8468 | D:10     | Found Kuif's Distillery.
  8484 | D:10     | Bought a potion of might for 44 gold pieces
  8484 | D:10     | Bought a potion of berserk rage for 55 gold pieces
  8484 | D:10     | Bought a potion of degeneration for 11 gold pieces
  8554 | D:10     | Found Itzooqog's Antique Armour Shop.
  8557 | D:10     | Found Decupik's Distillery.
  8567 | D:10     | Bought a potion of heal wounds for 80 gold pieces
  8567 | D:10     | Bought a potion of heal wounds for 80 gold pieces
  8567 | D:10     | Bought a potion of curing for 48 gold pieces
  8567 | D:10     | Bought 2 potions of curing for 96 gold pieces
  8691 | D:10     | Noticed a two-headed ogre
  8836 | D:10     | Killed a two-headed ogre
  9024 | D:10     | Found a roughly hewn altar of Beogh.
  9309 | D:11     | Noticed a seven-headed hydra
  9513 | D:11     | Reached skill level 14 in Fighting
  9639 | D:11     | Found a flagged portal.
  9653 | Bailey   | Entered a bailey
  9658 | Bailey   | Noticed an orc warlord
  9768 | Bailey   | Found a runed translucent gate.
  9769 | Bailey   | Found a runed translucent gate.
  9771 | Bailey   | Found a runed translucent gate.
  9848 | Bailey   | Killed an orc warlord
  9848 | Bailey   | Received a gift from Okawaru
  9849 | Bailey   | Reached skill level 10 in Long Blades
 10014 | D:11     | Found a staircase to the Lair.
 10091 | D:11     | Killed a one-headed hydra
 10546 | Lair:1   | Entered Level 1 of the Lair of Beasts
 10605 | Lair:1   | Reached XP level 12. HP: 107/108 MP: 18/18
 10644 | Lair:1   | Noticed a five-headed hydra
 10654 | Lair:1   | Killed a three-headed hydra
 10871 | Lair:1   | Reached skill level 15 in Fighting
 11516 | Lair:2   | Reached skill level 1 in Armour
 12010 | Lair:2   | Found a staircase to the Snake Pit.
 12345 | Lair:2   | Found a staircase to the Swamp.
 12749 | Lair:2   | Received a gift from Okawaru
 13025 | Lair:3   | Found a gate leading to a gauntlet.
 13037 | Gauntlet | Entered a Gauntlet
 13037 | Gauntlet | Found a transporter.
 13037 | Gauntlet | Found a transporter.
 13037 | Gauntlet | Noticed a death scarab
 13047 | Gauntlet | Found a transporter.
 13050 | Gauntlet | Found a transporter.
 13052 | Gauntlet | Noticed a queen ant
 13054 | Gauntlet | Found a runed translucent door.
 13056 | Gauntlet | Found a runed translucent door.
 13058 | Gauntlet | Found a transporter.
 13061 | Gauntlet | Found a transporter.
 13069 | Gauntlet | Found a transporter.
 13087 | Gauntlet | Found a transporter.
 13104 | Gauntlet | Found a transporter.
 13107 | Gauntlet | Found a transporter.
 13117 | Gauntlet | Found a transporter.
 13120 | Gauntlet | Found a transporter.
 13222 | Gauntlet | Killed a death scarab
 13228 | Gauntlet | Got a dazzling plate armour
 13229 | Gauntlet | Identified the +10 plate armour of Paranoia {+Inv} (You
                  | found it in a Gauntlet)
 13277 | Gauntlet | Killed a queen ant
 13286 | Gauntlet | Received a gift from Okawaru
 13363 | Gauntlet | Reached XP level 13. HP: 93/115 MP: 19/19
 13367 | Gauntlet | Reached skill level 5 in Dodging
 13375 | Gauntlet | Got a heavily runed amber ring
 13386 | Gauntlet | Identified the ring "Buut" {Int+3 Slay+4} (You found it in
                  | a Gauntlet)
 13435 | Gauntlet | Noticed a minotaur
 13445 | Gauntlet | Killed a minotaur
 13446 | Gauntlet | Reached skill level 5 in Armour
 13465 | Gauntlet | Identified the Tome of the Entourage
 14807 | Lair:4   | Received a gift from Okawaru
 14810 | Lair:4   | Got a transparent falchion {god gift}
 14811 | Lair:4   | Identified the +3 falchion of Ethics {drain, Str+2}
                  | (Okawaru gifted it to you on level 4 of the Lair of Beasts)
 14846 | Lair:4   | Reached skill level 5 in Throwing
 15974 | Lair:5   | Found a staircase to the Slime Pits.
 15981 | Lair:5   | Found a blossoming altar of Fedhas.
 16065 | Lair:5   | Received a gift from Okawaru
 16093 | Lair:5   | Got a polished buckler {god gift}
 16099 | Lair:5   | Identified the +0 buckler of the Lost Bones {+Fly rElec rF+
                  | Dex+4} (Okawaru gifted it to you on level 5 of the Lair of
                  | Beasts)
 16119 | Lair:5   | Noticed Snorg
 16147 | Lair:5   | Killed Snorg
 16148 | Lair:5   | Reached skill level 1 in Shields
 16549 | Lair:6   | Entered Level 6 of the Lair of Beasts
 17024 | Orc:1    | Entered Level 1 of the Orcish Mines
 17226 | Orc:1    | You fall into a shaft and drop 1 floor!
 17226 | Orc:2    | Entered Level 2 of the Orcish Mines
 17226 | Orc:2    | Found a frozen archway.
 17226 | Orc:2    | Found a staircase to the Elven Halls.
 17250 | IceCv    | Entered an ice cave
 17455 | IceCv    | Reached XP level 14. HP: 84/123 MP: 20/20
 17982 | IceCv    | Reached ****** piety under Okawaru
 17994 | IceCv    | Received a gift from Okawaru
 18133 | IceCv    | Noticed a frost giant
 18180 | IceCv    | Killed a frost giant
 18401 | Orc:2    | Received a gift from Okawaru
 18611 | Orc:2    | Noticed an orc warlord
 18648 | Orc:2    | Killed an orc warlord
 18649 | Orc:2    | Reached skill level 16 in Fighting
 20177 | Orc:2    | Received a gift from Okawaru
 20796 | Orc:2    | Received a gift from Okawaru
 20971 | Orc:2    | Found Plog's Weapon Emporium.
 20971 | Orc:2    | Found Tuxt's Magic Scroll Emporium.
 20972 | Orc:2    | Found Teaseor's Gadget Shoppe.
 20972 | Orc:2    | Found Togiehepp's Distillery.
 20983 | Orc:2    | Bought a potion of curing for 48 gold pieces
 20983 | Orc:2    | Bought a potion of might for 64 gold pieces
 20983 | Orc:2    | Bought a potion of haste for 160 gold pieces
 20983 | Orc:2    | Bought a potion of heal wounds for 80 gold pieces
 20984 | Orc:2    | Bought a scroll of blinking for 90 gold pieces
 20984 | Orc:2    | Bought a scroll of magic mapping for 42 gold pieces
 20984 | Orc:2    | Bought a scroll of identify for 24 gold pieces
 20984 | Orc:2    | Bought a scroll of blinking for 90 gold pieces
 20984 | Orc:2    | Bought a scroll of magic mapping for 42 gold pieces
 20984 | Orc:2    | Bought a scroll of magic mapping for 42 gold pieces
 20984 | Orc:2    | Bought a scroll of magic mapping for 42 gold pieces
 21126 | Lair:1   | Identified 2 scrolls of acquirement
 21324 | Lair:5   | Reached skill level 17 in Fighting
 21786 | Lair:6   | Gained mutation: You are immune to freezing clouds.
                  | [demonic ancestry]
 21786 | Lair:6   | Reached XP level 15. HP: 70/134 MP: 18/21
 21791 | Lair:6   | Received a gift from Okawaru
 21987 | Lair:6   | Identified the Papyrus of a Thousand Friars
 22603 | D:12     | Found a broken altar of Ashenzari.
 22632 | D:12     | Received a gift from Okawaru
 22633 | D:12     | Reached skill level 18 in Fighting
 22923 | D:12     | Found Duaqust's Armour Shop.
 23278 | D:13     | Found Konugeal's Magic Scroll Emporium.
 23282 | D:13     | Bought a scroll of summoning for 133 gold pieces
 23282 | D:13     | Bought a scroll of random uselessness for 14 gold pieces
 23486 | D:13     | Found Weirhos's Antique Armour Shoppe.
 23557 | D:13     | Found a gate to the Vaults.
 23903 | D:13     | Found Oneraarr's Distillery.
 23911 | D:13     | Bought a potion of curing for 51 gold pieces
 23911 | D:13     | Bought a potion of curing for 51 gold pieces
 23911 | D:13     | Bought a potion of curing for 51 gold pieces
 23911 | D:13     | Bought a potion of heal wounds for 85 gold pieces
 23911 | D:13     | Bought 2 potions of cancellation for 272 gold pieces
 23911 | D:13     | Bought a potion of cancellation for 136 gold pieces
 23980 | D:13     | Found Huivaow's Antique Weapon Shop.
 24148 | D:14     | Noticed Rupert
 24160 | D:14     | Killed Rupert
 24160 | D:14     | Received a gift from Okawaru
 24163 | D:14     | Got a pitted falchion {god gift}
 24164 | D:14     | Identified the +10 falchion "Bawadghe" {flame, rPois rC-
                  | Stlth+} (Okawaru gifted it to you on level 14 of the
                  | Dungeon)
 24200 | D:14     | Found a transporter.
 24201 | D:14     | Noticed Ficoysum's ghost (journeyman GnWn)
 24201 | D:14     | Identified the cursed +2 great mace of Guilt {freeze,
                  | Str+5}
 24201 | D:14     | Noticed a frost giant
 24202 | D:14     | Found a transporter.
 24379 | D:14     | Reached skill level 19 in Fighting
 24466 | D:14     | Found a shimmering blue altar of Sif Muna.
 24532 | D:14     | Found Faeth's Book Boutique.
 24813 | D:14     | Received a gift from Okawaru
 24816 | D:14     | Got a spiked tower shield {god gift}
 24817 | D:14     | Identified the +1 tower shield "Muedwava" {rElec} (Okawaru
                  | gifted it to you on level 14 of the Dungeon)
 24979 | D:15     | Entered Level 15 of the Dungeon
 25024 | D:15     | Found Hoenur's Magic Scroll Boutique.
 25084 | D:15     | Bought a scroll of teleportation for 57 gold pieces
 25182 | D:15     | Found a staircase to the Depths.
 25561 | D:15     | Reached XP level 16. HP: 119/148 MP: 22/22
 25629 | D:15     | Reached skill level 20 in Fighting
 26695 | Elf:1    | Entered Level 1 of the Elven Halls
 26960 | Elf:1    | Noticed an Ice Fiend
 26960 | Elf:1    | Cast into level 2 of the Abyss (a deep elf demonologist)
 26978 | Abyss:2  | Noticed a tentacled starspawn
 26986 | Abyss:2  | Killed a tentacled starspawn
 27016 | Abyss:2  | Found a corrupted altar of Lugonu.
 27046 | Abyss:2  | Received a gift from Okawaru
 27585 | Abyss:2  | Received a gift from Okawaru
 27861 | Elf:1    | Escaped the Abyss
 28076 | Snake:1  | Entered Level 1 of the Snake Pit
 28462 | D:6      | Bought a runed double sword for 468 gold pieces
 28664 | D:15     | Bought a scroll of enchant weapon for 142 gold pieces
 29046 | Snake:1  | Found Oneoqaix's Jewellery Shoppe.
 29048 | Snake:1  | Found Pesteiggi's Book Emporium.
 29050 | Snake:1  | Found Asupupn's Magic Scroll Shoppe.
 29079 | Snake:1  | Bought a scroll of teleportation for 54 gold pieces
 29126 | Snake:1  | Noticed Donald
 29133 | Snake:1  | Received a gift from Okawaru
 29143 | Snake:1  | Killed Donald
 29487 | Snake:1  | Received a gift from Okawaru
 30272 | Snake:2  | Found Naekhev's Book Shoppe.
 30317 | Snake:2  | Reached XP level 17. HP: 88/156 MP: 23/23
 31218 | Snake:3  | Noticed Vashnia
 31271 | Snake:3  | HP: 2/156 [Vashnia/arrow (24)]
 31277 | Snake:3  | Killed Vashnia
 31506 | Snake:3  | Received a gift from Okawaru
 31892 | Snake:3  | Identified Roxanne's Disquisition on Stones
 31892 | Snake:3  | Noticed Roxanne
 31894 | Snake:3  | Received a gift from Okawaru
 31959 | Snake:3  | Killed Roxanne
 32324 | Snake:3  | Found Nysoz's Gadget Emporium.
 32324 | Snake:3  | Found Gusej's Assorted Antiques.
 32346 | Snake:3  | Bought a potion of heal wounds for 205 gold pieces
 32506 | Snake:4  | Entered Level 4 of the Snake Pit
 32854 | Snake:4  | Reached skill level 10 in Armour
 33430 | Snake:4  | Received a gift from Okawaru
 33646 | Snake:4  | Found Jegod's Assorted Antiques.
 34999 | Snake:4  | Gained mutation: You are mostly covered in razor-sharp
                  | scales. (AC +2, Slay +2) [demonic ancestry]
 34999 | Snake:4  | Reached XP level 18. HP: 101/163 MP: 24/24
 35002 | Snake:4  | Reached skill level 10 in Throwing
 35174 | Snake:4  | Reached skill level 10 in Dodging
 35218 | Snake:4  | Received a gift from Okawaru
 35240 | Snake:4  | Reached skill level 15 in Long Blades
 35687 | Snake:4  | Received a gift from Okawaru
 36120 | Snake:4  | Received a gift from Okawaru
 36284 | Snake:4  | Reached skill level 21 in Fighting
 36602 | Snake:4  | Got a steaming triple sword {god gift}
 36603 | Snake:4  | Identified the +6 triple sword of the Land of Plenty {vamp,
                  | rN+} (Okawaru gifted it to you on level 4 of the Snake Pit)
 36700 | Snake:4  | Got a serpentine rune of Zot
 37045 | Elf:1    | Noticed a Brimstone Fiend
 37045 | Elf:1    | Received a gift from Okawaru
 37288 | Elf:1    | Identified the Guide on Mutagenic Snow
 37622 | Elf:1    | Noticed a Tzitzimitl
 37623 | Elf:1    | Received a gift from Okawaru
 37869 | Elf:1    | Found a runed translucent gate.
 37869 | Elf:1    | Found a runed translucent gate.
 37869 | Elf:1    | Found a runed translucent gate.
 37869 | Elf:1    | Found a runed translucent gate.
 37869 | Elf:1    | Found a runed translucent gate.
 37894 | Elf:1    | Found a runed translucent gate.
 38043 | Elf:1    | Got a polished chain mail
 38046 | Elf:1    | Identified the cursed +1 chain mail of Toafur {*Drain +Inv
                  | Dex+5} (You found it on level 1 of the Elven Halls)
 38047 | Elf:1    | Identified the +7 plate armour "Siupiab" {Dex+3} (You found
                  | it on level 1 of the Elven Halls)
 38063 | Elf:1    | Received a gift from Okawaru
 38671 | Elf:2    | Received a gift from Okawaru
 38687 | Elf:2    | Reached XP level 19. HP: 173/174 MP: 25/25
 38687 | Elf:2    | Found a runed translucent gate.
 38687 | Elf:2    | Found a runed translucent gate.
 38690 | Elf:2    | Found a runed translucent gate.
 39114 | Elf:2    | Reached skill level 22 in Fighting
 39138 | Elf:2    | Received a gift from Okawaru
 39813 | Elf:3    | Entered Level 3 of the Elven Halls
 40720 | Elf:3    | Received a gift from Okawaru
 40838 | Elf:3    | Cast into level 2 of the Abyss (a deep elf sorcerer)
 41186 | Elf:3    | Escaped the Abyss
 41188 | Elf:3    | Noticed a Tzitzimitl
 41203 | Elf:3    | Killed from afar by a deep elf knight

Illustrated notes

Levels and vault maps discovered:
D:1:      giann_forest_graveyard, layout_loops_corners,
          nemelex_diamond_rough_becter
D:2:      layout_rooms, grunt_temple_overflow_growth_and_decay,
          overflow_temple_1_default, lemuel_round_altar, patterned_corridor,
          uniq_jessica, uniq_natasha
D:3:      layout_loops_cross, vehumet_crystals,
          chequers_ecumenical_altar_simple, hangedman_feature_mirror,
          uniq_crazy_yiuf_cottage, uniq_terence
D:4:      layout_rooms, serial_shops, nicolae_shop_crystal,
          minmay_misc_feat_nine_boxes, uniq_sigmund
D:5:      layout_rooms, chequers_temple_overflow_statue_of_worship,
          minmay_splitting_lines, uniq_edmund
D:6:      layout_cave_pools, lemuel_doored_altar, minmay_temple_entry_junction,
          serial_gnoll_camp, gnoll_camp_mini_shop, gnoll_camp_mini_hut,
          gnoll_camp_mini_doghouse, gnoll_camp_medium_02, gnoll_camp_mini_basic
D:7:      layout_gridville, uniq_harold
D:8:      layout_basic, grunt_temple_overflow_holy_war,
          riverfiend_overflow_shadow_ancestor, cheibriados_altar_1,
          lemuel_round_altar, serial_undead, serial_undead_e, serial_undead_a,
          serial_undead_b, serial_undead_c, basic_altar
D:9:      layout_long_grid, kennysheep_little_box, erik_orc_4, uniq_erolcha
D:10:     layout_stronghold, serial_shops, shop,
          nicolae_shop_temple_entry_statues_fountains, shop, grunt_ministairs_4,
          hangedman_decor_peaks_small, serial_bayou_lagoon_a,
          david_defended_altar_orc
D:11:     layout_loops_ring, lair_entry_dummy, lightli_bailey_entry_fortress
D:12:     layout_loops_cross, serial_shops, shop, basic_altar
D:13:     layout_loops_corners, lightli_vaults_fourway_checkpoint, serial_shops,
          shop, nicolae_shop_stone, nicolae_shop_waterfront, kennysheep_mini,
          kennysheep_potato
D:14:     layout_roguey, moated_statue, serial_shops, kennysheep_mini_moat,
          gammafunk_ghost_smash, tgw_sif, uniq_rupert
D:15:     hangedman_depths_entry_try_elsewhere_first, layout_stronghold,
          serial_shops, nicolae_shop_stone, fungi_pond_lemuel
Lair:1:   layout_chaotic_city, grunt_megastairs_2
Lair:2:   layout_concentric_octagons, nicolae_swamp_entry_splash_gauntlet,
          minmay_snake_entry_spellcaster
Lair:3:   beast_lair_carwin_large_2, layout_loops_ring, gauntlet_entry_generic,
          minmay_lair_oklob_chamber, infiniplex_staircase_pool,
          serial_bayou_shore_b, grunt_megastairs_3, serial_bayou_shore_a
Lair:4:   layout_gridlike
Lair:5:   layout_small_grid, slime_dummy, tgw_fedhas, uniq_snorg
Lair:6:   hangedman_lair_in_review, layout_big_grid, guppyfry_lair_end_dragon
Snake:1:  layout_cave_pods, minmay_shop_star, uniq_donald
Snake:2:  kennysheep_six_static_rooms, layout_onion_interference, serial_shops,
          shop
Snake:3:  layout_cave_pods, st_stairs_8, hangedman_venom_bottle,
          grunt_megastairs_4, minmay_shoptagon, uniq_roxanne, uniq_vashnia
Snake:4:  grunt_snake_rune_spirals, layout_onion, serial_shops,
          nicolae_shop_overgrown_old_shop
Orc:1:    layout_caves, sword_in_stone
Orc:2:    st_orc_pillars, layout_caves, portal_ice_cave_entry_ice_beasts
Elf:1:    eino_elf_arrival_the_gate, layout_rooms, orc_legates, st_stairs_10,
          drop_trap
Elf:2:    layout_gridlike, hex_tiny, grunt_ministairs_15,
          ebering_dispersal_statue_hall, hex_intersection,
          small_statue_intersection
Elf:3:    minmay_elf_hall_circle, layout_onion_city

Skill      XL: |  1  2  3  4  5  6  7  8  9 10 11 12 13 14 15 16 17 18 19 |
---------------+----------------------------------------------------------+-----
Long Blades    | 3 4 5 6 8 9 10 11 13 14 15 16 | 16.0
Fighting       | 3 4 5 6 7 9 11 13 14 15 17 19 20 21 22 | 22.0
Invocations    | 2 6 8 |  8.0
Dodging        | 4 5 7 9 10 | 10.0
Throwing       | 4 5 7 9 10 | 10.0
Armour         | 4 7 9 10 13 | 13.6
Shields        | 3 4 |  4.0

Action                   |  1- 3 |  4- 6 |  7- 9 | 10-12 | 13-15 | 16-18 | 19-21 || total
-------------------------+-------+-------+-------+-------+-------+-------+-------++-------
Melee: Long sword        |    48 |   106 |    49 |       |       |       |       ||   203
       Headbutt          |       |    26 |    46 |   152 |   384 |   342 |    96 ||  1046
       Unarmed           |       |     4 |       |       |       |       |       ||     4
       Scimitar          |       |       |   159 |   513 |  1159 |   247 |       ||  2078
       Punch             |       |       |     1 |     3 |     1 |       |       ||     5
       Falchion          |       |       |       |    21 |    31 |       |       ||    52
       Double sword      |       |       |       |       |       |   798 |   313 ||  1111
Throw: Boomerang         |       |       |       |     5 |     3 |    27 |     7 ||    42
Invok: Heroism           |       |       |     1 |     4 |    11 |     8 |     2 ||    26
       Finesse           |       |       |       |     3 |       |     4 |     1 ||     8
Evoke: Wand              |       |       |       |     2 |    11 |       |       ||    13
       Lightning rod     |       |       |       |       |     8 |       |     1 ||     9
  Use: Potion            |       |     3 |       |     6 |     1 |    14 |       ||    24
       Scroll            |       |       |     4 |    20 |     9 |    18 |     1 ||    52
 Stab: Sleeping          |       |       |     2 |       |       |       |       ||     2
Armor: Leather armour    |    15 |    22 |    55 |    44 |       |       |       ||   136
       Skin              |       |     1 |       |       |       |       |       ||     1
       Acid dragon scale |       |       |       |    62 |       |       |       ||    62
       Plate armour      |       |       |       |    20 |   670 |   609 |   125 ||  1424
       Scale mail        |       |       |       |    17 |       |       |       ||    17
Dodge: Dodged            |    44 |    66 |   162 |   297 |   382 |   422 |    96 ||  1469
Block: Buckler           |       |       |       |       |   250 |   257 |    53 ||   560
       Rpst.: Long sword |    15 |    14 |    10 |       |       |       |       ||    39
       Scimitar          |       |       |    37 |    76 |    98 |    18 |       ||   229
       Falchion          |       |       |       |     1 |     3 |       |       ||     4
       Double sword      |       |       |       |       |       |    59 |    19 ||    78
